 Dungeon Crawl Stone Soup version 0.29-a0-2-g12fcac58f8 (webtiles) character file.

Game seed: 1431452451779279341

176 comborobin the Ruffian (level 5, -3/50 HPs)
             Began as a Troll Cinder Acolyte on Jan 27, 2022.
             Was a High Priest of Ignis.
             Slain by an ogre (35 damage)
             ... on level 4 of the Dungeon.
             The game lasted 00:01:17 (693 turns).

comborobin the Ruffian (Troll Cinder Acolyte)        Turns: 693, Time: 00:01:18

Health: -3/50      AC:  5    Str: 22    XL:     5   Next: 30%
Magic:  5/5        EV:  9    Int: 10    God:    Ignis [*****.]
Gold:   51         SH:  0    Dex:  7    Spells: 6/6 levels left

rFire   + . .      SeeInvis .     - Unarmed
rCold   . . .      Faith    .   (no shield)
rNeg    . . .      Spirit   .   a - +0 robe
rPois   .          Reflect  .   (helmet restricted)
rElec   .          Harm     .   e - +0 cloak
rCorr   .          Rampage  .   (gloves unavailable)
Will    .....                   (boots unavailable)
Stlth   +.........              (no amulet)
HPRegen 0.96/turn               (no ring)
MPRegen 0.09/turn               (no ring)

@: no status effects
A: large, unfitting armour, claws 3, regeneration 1, shaggy fur 1, tough skin 1
a: Renounce Religion, Fiery Armour, Foxfire Swarm, Rising Flame


You were on level 4 of the Dungeon.
You worshipped Ignis.
Ignis was extremely pleased with you.
You visited 1 branch of the dungeon, and saw 4 of its levels.

You collected 51 gold pieces.

Inventory:

Armour
 a - a +0 robe (worn)
 e - a +0 cloak (worn)
Potions
 b - a potion of curing {unknown}
 c - a potion of mutation {unknown}
 d - a potion of brilliance {unknown}
 f - a potion of haste {unknown}


   Skills:
 - Level 2.4 Fighting
 + Level 6.1 Unarmed Combat
 - Level 1.0 Spellcasting
 - Level 2.1 Fire Magic


You had 6 spell levels left.
You didn't know any spells.
Your spell library contained the following spells:

 Spells                   Type           Power      Damage    Failure   Level
 Scorch                   Fire           8%         2d5       22%         2
 Animate Skeleton         Necr           0%         N/A       34%         1
 Pain                     Necr           0%         1d4       34%         1
 Vampiric Draining        Necr           0%         2d6       71%         3
 Summon Lightning Spire   Summ/Air       0%         N/A       98%         4
 Storm Form               Tmut/Air       0%         N/A       100%        7
 Maxwell's Capacitive Co  Air            0%         ∞         100%        8


Dungeon Overview and Level Annotations

Branches:
Dungeon (4/15)
 Temple: D:4-7

Altars:

Shops:
D:4 (


Innate Abilities, Weirdness & Mutations

You are too large for most types of armour.
You have claws for hands.
Your natural rate of healing is unusually fast.
You are covered in fur. (AC +1)
You have tough skin. (AC +1)


Message History

Found a dagger.
No target in view!
No target in view!
Found Woufoan's Weapon Shop.
Found a hand axe.
You see here a +0 dagger.
You pick up a book of the Sky and begin reading...
You add the spells Summon Lightning Spire, Storm Form and Maxwell's Capacitive Coupling to your library.
There is an entrance to Woufoan's Weapon Shop here.
Unknown command.
An adder skeleton comes into view.
An adder skeleton is nearby!
An adder skeleton is nearby!
An adder skeleton is nearby!
The adder skeleton closely misses you.
You scratch the adder skeleton.
The adder skeleton is heavily damaged.
The adder skeleton bites you but does no damage.
You claw the adder skeleton!
You destroy the adder skeleton!
An ogre comes into view. It is wielding a +0 giant club.
The ogre shouts!
You hear a shout!
An ogre is nearby!
An ogre is nearby!
An ogre is nearby!
You claw the ogre!
The ogre is heavily wounded.
The ogre hits you with a +0 giant club!
An ogre comes into view. It is wielding a +0 giant spiked club.
You aren't carrying any items that you can evoke.
Unknown command.
You claw the ogre! x2
You kill the ogre!
Your Unarmed Combat skill increases to level 6!
You have reached level 5!
The ogre hits you with a +0 giant spiked club!!
You barely miss the ogre.
The ogre hits you with a +0 giant spiked club!!
Ouch! That really hurt!
You die...

.<##..###....######....#
..#..........#....##...#
..'.......††...........#
..##..##....##.........#
#####+##....##.........#
+.....#.....######
#.....+.....#
#.....##....# .#
##....##..@.# ..#
#....##..O## ...#
.....#†....##...#
.........).......#
.##..##...∩.)....##
#........#..#
....#.....#.....
.....##...##.....
##+##..##..##..##


You could see an ogre.

Vanquished Creatures
  An ogre (D:4)
  A hound (D:4)
  An orc wizard (D:3)
  A gnoll (D:2)
  An adder skeleton (D:4)
  A dart slug (D:4)
  2 orcs (D:3)
  3 endoplasms (D:1)
  A giant cockroach (D:1)
  2 goblins
  3 hobgoblins
  4 jackals (D:3)
  2 kobolds (D:1)
  A ball python (D:2)
  A frilled lizard (D:1)
  A rat (D:1)
26 creatures vanquished.

Vanquished Creatures (others)
  3 plants (D:2)
3 creatures vanquished.

Grand Total: 29 creatures vanquished

Notes
Turn   | Place    | Note
-------+----------+-------------------------------------------
     0 | D:1      | comborobin the Troll Cinder Acolyte began the quest for the
                  | Orb.
     0 | D:1      | Reached XP level 1. HP: 22/22 MP: 1/1
   311 | D:1      | Reached XP level 2. HP: 29/29 MP: 2/2
   332 | D:1      | Found a faded altar of an unknown god.
   467 | D:2      | Reached skill level 4 in Unarmed Combat
   531 | D:3      | Reached XP level 3. HP: 35/36 MP: 3/3
   632 | D:4      | Reached skill level 5 in Unarmed Combat
   632 | D:4      | Reached XP level 4. HP: 42/44 MP: 4/4
   652 | D:4      | Found Woufoan's Weapon Shop.
   670 | D:4      | Noticed an ogre
   674 | D:4      | Noticed an ogre
   687 | D:4      | Killed an ogre
   688 | D:4      | Reached skill level 6 in Unarmed Combat
   688 | D:4      | Reached XP level 5. HP: 46/50 MP: 5/5
   693 | D:4      | Slain by an ogre

Illustrated notes

Levels and vault maps discovered:
D:1:      scummos_arrival_star, layout_basic, ebering_ecumenical_altar_abandoned
D:2:      layout_basic, nicolae_grassy_gnolls
D:3:      layout_loops_ring, chequers_serial_rivers_small_b
D:4:      layout_gridville, mainiacjoe_overflow_24_doors, serial_shops,
          nicolae_shop_bloodbath_and_beyond

Skill      XL: |  1  2  3  4 |
---------------+-------------+-----
Unarmed Combat | 4 5 6 |  6.1
Fighting       | |  2.4
Spellcasting   | |  1.0
Fire Magic     | |  2.1

Action                   |  1- 3 |  4- 6 || total
-------------------------+-------+-------++-------
Melee: Unarmed           |    50 |     5 ||    55
       Punch             |       |     1 ||     1
Invok: Fiery Armour      |     1 |       ||     1
Armor: Robe              |    24 |     1 ||    25
Dodge: Dodged            |    15 |     1 ||    16

Table legend: (Time is in decaauts)
 A = Elapsed time spent in this place.
 B = Non-inter-level travel time spent in this place.
 C = Inter-level travel time spent in this place.
 D = Time resting spent in this place.
 E = Time spent auto-exploring this place.
 F = Levels seen in this place.
 G = Mean time per level.
                   A        B        C        D        E       F      G
               +--------+--------+--------+--------+--------+-----+--------+
         Total |    687 |    670 |     17 |      0 |    395 |   4 |  171.8 |
       Dungeon |    687 |    670 |     17 |      0 |    395 |   4 |  171.8 |
               +--------+--------+--------+--------+--------+-----+--------+

Top non-repeatable levels by time:
     D:1: 442 daAuts
     D:3: 99 daAuts
     D:4: 79 daAuts
     D:2: 66 daAuts
